 Dungeon Crawl Stone Soup version 0.17.2-1-ge4368a0 (webtiles) character file.

170 Goblin1989 the Cleaver (level 5, 0/42 HPs)
             Began as a Hill Orc Gladiator on Nov 4, 2016.
             Was an Initiate of Qazlal.
             Slain by a gnoll
             ... wielding a +0 halberd
              (6 damage)
             ... on level 4 of the Dungeon.
             The game lasted 00:06:03 (2481 turns).

Goblin1989 the Cleaver (Hill Orc Gladiator)         Turns: 2481, Time: 00:06:03

Health: 0/42       AC:  7    Str: 19    XL:     5   Next: 51%
Magic:  5/5        EV: 12    Int:  8    God:    Qazlal [......]
Gold:   130        SH:  0    Dex: 11    Spells: 0 memorised, 4 levels left

rFire  . . .     SeeInvis .     a - +0 war axe
rCold  . . .     Clarity  .     b - +0 leather armour
rNeg   . . .     SustAt   .     (no shield)
rPois  .         Gourm    .     i - +1 helmet
rElec  .         Spirit   .     c - +1 cloak
rCorr  .         Warding  .     (no gloves)
rMut   .         Stasis   .     (no boots)
MR     +....                    (no amulet)
Stlth  +.........               j - ring of wizardry
                                m - ring of protection from magic

@: somewhat resistant to hostile enchantments, very unstealthy
A: no striking features
a: Renounce Religion


You were on level 4 of the Dungeon.
You worshipped Qazlal.
Qazlal was noncommittal.
You were not hungry.

You visited 1 branch of the dungeon, and saw 4 of its levels.

You collected 130 gold pieces.

Inventory:

Hand Weapons
 a - a +0 war axe (weapon)
Missiles
 Z - 3 throwing nets {=f, !d}
Armour
 b - a +0 leather armour (worn)
 c - a +1 cloak (worn)
 i - a +1 helmet (worn)
Jewellery
 j - a ring of wizardry (right hand)
 m - a ring of protection from magic (left hand)
Scrolls
 g - a scroll of enchant armour {unknown}
 k - a scroll of amnesia {unknown}
 l - a scroll of blinking {unknown}
 n - a scroll of magic mapping {unknown}
 o - a scroll of noise {unknown}
Potions
 d - 2 potions of heal wounds {!q, @q2}
 h - a potion of mutation {unknown}
Comestibles
 e - 4 bread rations {@e1}
 f - 2 slices of pizza
 p - a beef jerky
 q - 2 meat rations {@e2}


   Skills:
 - Level 2.4 Fighting
 + Level 8.0 Axes
 - Level 1.7 Throwing
 - Level 2.4 Dodging


You had 4 spell levels left.
You didn't know any spells.

Dungeon Overview and Level Annotations

Branches:
Dungeon (4/15)
 Temple: D:4-7

Altars:
Ashenzari
Dithmenos
Elyvilon
Okawaru
Qazlal

Annotations:
D:3 Grinder


Message History

The gnoll shaman is lightly wounded.
The gnoll misses you. The gnoll hits you but does no damage.
You completely miss the gnoll.
The gnoll is moderately wounded.
You slash the gnoll shaman!
The gnoll shaman is heavily wounded.
The gnoll hits you with a spear.
* * * LOW HITPOINT WARNING * * *
The gnoll shaman closely misses you. The gnoll misses you.
You take 1 damage, and have 6/42 hp.
You closely miss the gnoll.
The gnoll is moderately wounded.
You slash the gnoll shaman!
You kill the gnoll shaman!
Qazlal accepts your kill.
Your base Axes skill increases to level 8!
Your life force feels restored.
The gnoll closely misses you.
The gnoll hits you from afar with a halberd.
You die...

█.....██ █ ███
███.██████ .███ █.█
██.███.█ .... █.██
█....██ █..██. ...██
██.███.█ █....$.
....████..███.██
██.......
...............███g....█
................█gg....█
██......████████@g.....█
█.......█ █.██████..█
██......██ █. ..█
██........██ █. ..
.....██....██ .. .
█............ .█
██.......███ █.
██......██████.
█...........█ █


You could see 4 gnolls.

Vanquished Creatures
  A gnoll shaman (D:4)
  Robin (D:3)
  6 adders
  A gnoll (D:4)
  An ooze (D:1)
  2 worms (D:2)
  2 giant geckos (D:1)
  A ball python (D:3)
  5 bats
  3 giant cockroaches
  16 goblins
  6 hobgoblins
  2 jackals (D:1)
  3 kobolds
  2 quokkas
  A giant newt (D:2)
  5 rats
58 creatures vanquished.

Notes
Turn   | Place    | Note
--------------------------------------------------------------
     0 | D:1      | Goblin1989 the Hill Orc Gladiator began the quest for the Orb.
     0 | D:1      | Reached XP level 1. HP: 18/18 MP: 1/1
    63 | D:1      | Reached XP level 2. HP: 20/25 MP: 2/2
    72 | D:1      | Reached skill level 5 in Axes
   312 | D:1      | Reached XP level 3. HP: 30/30 MP: 3/3
   564 | D:2      | Found a shattered altar of Ashenzari.
   621 | D:2      | Found a stormy altar of Qazlal.
   626 | D:2      | Found an iron altar of Okawaru.
   631 | D:2      | Found a shadowy altar of Dithmenos.
   645 | D:2      | Became a worshipper of Qazlal Stormbringer
   793 | D:2      | Reached skill level 6 in Axes
  1178 | D:2      | Reached XP level 4. HP: 33/37 MP: 4/4
  1626 | D:3      | Noticed Robin
  1637 | D:3      | Reached skill level 7 in Axes
  1646 | D:3      | HP: 1/37 [Robin/trident (3)]
  1647 | D:3      | Killed Robin
  2008 | D:3      | Reached XP level 5. HP: 42/42 MP: 5/5
  2176 | D:3      | Found a faded altar to an unknown god.
  2273 | D:3      | Noticed Grinder
  2328 | D:4      | Found a white marble altar of Elyvilon.
  2481 | D:4      | Reached skill level 8 in Axes
  2481 | D:4      | Slain by a gnoll

Action                   |  1- 3 |  4- 6 || total
-------------------------+-------+-------++-------
Melee: War axe           |   102 |    59 ||   161
  Use: Potion            |       |     1 ||     1
  Eat: Chunk             |       |     5 ||     5

Vault maps used:
D:1:      matt_arrival_los_fun
D:2:      ashenzari_altar_1, minmay_overflow_temple_star_quad
D:3:      ecumenical_altar_1, dk_noncrumbling_2, minmay_misc_feat_rows,
          minmay_shallow_snake_nest, uniq_grinder, uniq_robin
D:4:      nicolae_overflow_crystal_walls
